 Dungeon Crawl Stone Soup version 0.28-a0-429-g1448048969 (webtiles) character file.

Game seed: 14521045101569235195

77 blitzkryeg the Cudgeller (level 4, -2/41 HPs)
             Began as a Minotaur Berserker on May 19, 2021.
             Was a Believer of Trog.
             Slain by a gnoll (3 damage)
             ... on level 3 of the Dungeon on Sept 10, 2021.
             The game lasted 00:22:18 (1408 turns).

blitzkryeg the Cudgeller (Minotaur Berserker)       Turns: 1408, Time: 00:22:19

Health: -2/41      AC:  5    Str: 23    XL:     4   Next: 14%
Magic:  3/3        EV: 11    Int:  4    God:    Trog [**....]
Gold:   84         SH:  0    Dex:  9    Spells: 3/3 levels left

rFire   . . .      SeeInvis .   a - +1 mace
rCold   . . .      Faith    .   (no shield)
rNeg    . . .      Spirit   .   n - +0 ring mail
rPois   .          Reflect  .   (helmet restricted)
rElec   .          Harm     .   (no cloak)
rCorr   .          Rampage  .   (no gloves)
Will    .....                   (no boots)
Stlth   ..........              (no amulet)
HPRegen 0.13/turn               g - ring of flight
MPRegen 0.08/turn               (no ring)

@: lethally poisoned (-2 -> -6), on berserk cooldown, flying, slowed, very slow
A: horns 2, retaliatory headbutt
a: Renounce Religion, Berserk, Trog's Hand


You were on level 3 of the Dungeon.
You worshipped Trog.
Trog was pleased with you.
You visited 1 branch of the dungeon, and saw 3 of its levels.

You collected 84 gold pieces.

Inventory:

Hand Weapons
 a - a +1 mace (weapon)
 h - a +0 whip
Missiles
 j - 49 stones
 p - 18 bolts
Armour
 b - a +0 animal skin
 k - a +0 leather armour
 l - a +0 robe
 m - a +0 leather armour
 n - a +0 ring mail (worn)
Jewellery
 g - a ring of flight (left hand)
Scrolls
 e - a scroll of enchant weapon
Potions
 c - a potion of invisibility
 d - a potion of mutation {unknown}
 i - a potion of curing
 o - a potion of heal wounds {unknown}
 q - a potion of haste {unknown}


   Skills:
 + Level 4.6 Fighting
 + Level 4.8 Maces & Flails
 + Level 2.6 Armour
 + Level 2.6 Dodging
 + Level 0.1 Stealth


You had 3 spell levels left.
You didn't know any spells.
Your spell library contained the following spells:

 Spells                   Type           Power      Damage    Failure   Level
 Magic Dart               Conj           0%         1d3       65%         1
 Searing Ray              Conj           0%         2d4       80%         2
 Fulminant Prism          Conj/Hex       0%         3d6       100%        4
 Alistair's Intoxication  Tmut/Pois      0%         N/A       100%        5
 Borgnjor's Vile Clutch   Necr/Erth      0%         N/A       100%        5
 Eringya's Noxious Bog    Tmut/Pois      0%         N/A       100%        6
 Malign Gateway           Summ/Tloc      0%         N/A       100%        7
 Summon Horrible Things   Summ           0%         N/A       100%        8


Dungeon Overview and Level Annotations

Branches:
Dungeon (3/15)

Altars:
Hepliaklqana
Vehumet


Innate Abilities, Weirdness & Mutations

You have a pair of horns on your head.
You reflexively headbutt those who attack you in melee.


Message History

You're still recovering from your berserk rage.
The gnoll hits you from afar with a +0 spear.
The gnoll closely misses you. The gnoll barely misses you.
You hit the gnoll but do no damage. The gnoll hits you with a +0 spear.
The gnoll misses you.
You thump the gnoll!
The gnoll is severely wounded.
The gnoll closely misses you.
You hit the gnoll.
The gnoll is almost dead.
The gnoll hits you with a +0 spear. x2
* * * LOW HITPOINT WARNING * * *
You are too injured to fight recklessly!
You are too injured to fight recklessly!
You barely miss the gnoll. Your headbutt misses the gnoll.
The gnoll is almost dead.
The gnoll hits you with a +0 spear.
* * * LOW HITPOINT WARNING * * *
The gnoll hits you with a +0 spear.
* * * LOW HITPOINT WARNING * * *
You closely miss the gnoll. You headbutt the gnoll.
You kill the gnoll!
Trog accepts your kill.
You have reached level 4!
You feel stronger.
Things that are here:
a +0 spear; a gnoll corpse A gnoll comes into view.
It is wielding a +1 spear of venom.
The gnoll barely misses you. The gnoll closely misses you.
Things that are here:
a +0 spear; a gnoll corpse The gnoll hits you but does no damage.
You are lethally poisoned!
* * * LOW HITPOINT WARNING * * *
You feel very sick.
* * * LOW HITPOINT WARNING * * *
You feel sick.
The gnoll hits you from afar with a +1 spear of venom.
You die...

.........##.......#######.#...###
#.......###.#..#...## #....##
##.....## #.#.......# #....#
##...## #.####...## #....#
##'######.# ##.## #.#.<#
#.#....#.#####.# #.#..#
#.#.##.#.......# #....#
##.#<##.#######)# ###.##
##....#...)..g.@># #.####
#.gg..#..######### #.#..
###....#..# #.#.# ..........#
#.#.### ########### #......
###.### #.### #.... #####


You could see a gnoll.

Vanquished Creatures
  3 gnolls (D:3)
  2 worms (D:3)
  2 ball pythons
  6 endoplasms
  A giant cockroach (D:1)
  4 hobgoblins
  2 quokkas
  6 bats
  4 frilled lizards
  4 goblins
  4 kobolds
  6 rats
44 creatures vanquished.

Vanquished Creatures (others)
  A plant (D:3)
1 creature vanquished.

Grand Total: 45 creatures vanquished

Notes
Turn   | Place    | Note
-------+----------+-------------------------------------------
     0 | D:1      | blitzkryeg the Minotaur Berserker began the quest for the
                  | Orb.
     0 | D:1      | Reached XP level 1. HP: 19/19 MP: 0/0
   212 | D:1      | Reached XP level 2. HP: 14/27 MP: 1/1
   329 | D:1      | Upgraded the game from 0.27-a0-1184-ge86db4a01e to
                  | 0.28-a0-429-g1448048969
   571 | D:1      | You fall into a shaft and drop 1 floor!
   686 | D:2      | Reached ** piety under Trog
   687 | D:2      | Reached XP level 3. HP: 23/33 MP: 2/2
   950 | D:3      | Found a hazy altar of Hepliaklqana.
  1168 | D:3      | Found a radiant altar of Vehumet.
  1401 | D:3      | Reached XP level 4. HP: 3/41 MP: 3/3
  1407 | D:3      | HP: 2/41 [poisoned by a gnoll]
  1408 | D:3      | Slain by a gnoll

Illustrated notes

Levels and vault maps discovered:
D:1:      dpeg_arrival_refuge, layout_loops_ring
D:2:      layout_basic
D:3:      layout_loops_corners, nicolae_hepliaklqana_hazy_memory,
          vehumet_crystals

Skill      XL: |  1  2 |
---------------+-------+-----
Maces & Flails | 4 |  4.8
Fighting       | 4 |  4.6
Armour         | |  2.6
Dodging        | |  2.6
Stealth        | |  0.1

Action                   |  1- 3 |  4- 6 || total
-------------------------+-------+-------++-------
Melee: Mace              |    74 |       ||    74
       Headbutt          |    13 |       ||    13
Invok: Berserk           |     2 |       ||     2
  Use: Scroll            |     2 |       ||     2
       Potion            |     1 |       ||     1
Armor: Animal skin       |    16 |       ||    16
       Ring mail         |       |     1 ||     1
Dodge: Dodged            |    52 |     2 ||    54

Table legend: (Time is in decaauts)
 A = Elapsed time spent in this place.
 B = Non-inter-level travel time spent in this place.
 C = Inter-level travel time spent in this place.
 D = Time resting spent in this place.
 E = Time spent auto-exploring this place.
 F = Levels seen in this place.
 G = Mean time per level.
                   A        B        C        D        E       F      G
               +--------+--------+--------+--------+--------+-----+--------+
         Total |   1437 |    580 |    857 |      0 |      0 |   3 |  479.0 |
       Dungeon |   1437 |    580 |    857 |      0 |      0 |   3 |  479.0 |
               +--------+--------+--------+--------+--------+-----+--------+

Top non-repeatable levels by time:
     D:1: 584 daAuts
     D:3: 486 daAuts
     D:2: 366 daAuts
